Map: [ESL] NeoHumanity

Players

Classic - Winner!

  • Race: Protoss Protoss

Scarlett

  • Race: Zerg Zerg

Event: IEM Katowice 2023

VOD

Have the link to the VOD?

Description

Time

  • Played on: Feb. 8, 2023, 5:14 a.m.
  • Length: 8:11

All games in this series

Show
View Real Time Build Order
Export as new Build Order

Classic Protoss - Winner!

Build Orders: Oracle Opening 

Get SALT Encoding   

  12  0:00  Probe  
  13  0:13  Pylon  
  13  0:18  Probe (Chrono Boost)  
  14  0:27  Probe (Chrono Boost)  
  15  0:32  Probe (Chrono Boost)  
  16  0:41  Gateway  
  16  0:44  Probe  
  17  0:50  Assimilator  
  17  0:56  Probe  
  18  1:06  Forge  
  18  1:08  Probe (Chrono Boost)  
  19  1:18  Probe (Chrono Boost)  
  20  1:23  Probe (Chrono Boost)  
  21  1:38  Pylon  
  21  1:46  Nexus  
  21  1:56  Photon Cannon  
  21  2:05  Photon Cannon  
  22  2:13  Cybernetics Core  
  21  2:20  Zealot  
  23  2:23  Probe  
  24  2:31  Assimilator  
  24  2:35  Probe  
  25  2:47  Probe, Adept (Chrono Boost)  
  28  2:53  Stargate  
  28  2:59  Probe  
  28  3:03  Probe (Chrono Boost)  
  28  3:04  Warp Gate  
  30  3:11  Probe (Chrono Boost)  
  33  3:15  Probe (Chrono Boost)  
  34  3:22  Probe (Chrono Boost)  
  34  3:24  Probe (Chrono Boost)  
  36  3:27  Probe (Chrono Boost)  
  36  3:32  Pylon  
  38  3:39  Oracle (Chrono Boost)  
  38  3:42  Pylon  
  38  3:50  Probe x2  
  38  3:51  Adept  
  38  3:55  Pylon  
  42  3:56  Gateway  
  42  4:02  Probe x2  
  44  4:11  Oracle (Chrono Boost)  
  44  4:14  Probe x2  
  49  4:25  Robotics Facility  
  49  4:29  Nexus  
  49  4:32  Pylon  
  49  4:38  Probe x2  
  51  4:39  Assimilator  
  51  4:48  Assimilator  
  51  4:50  Protoss Ground Weapons Level 1, Probe x2  
  53  4:54  Adept  
  53  4:57  Adept  
  57  5:02  Probe x2  
  59  5:12  Immortal (Chrono Boost)  
  59  5:14  Probe x2  
  59  5:18  Pylon  
  65  5:26  Gateway, Probe  
  65  5:27  Gateway  
  66  5:35  Sentry x2  
  68  5:43  Warp Prism (Chrono Boost)  
  68  5:46  Gateway  
  68  5:47  Gateway  
  68  5:59  Adept  
  68  6:00  Adept  
  68  6:04  Gateway  
  68  6:05  Pylon  
  68  6:11  Probe x3  
  71  6:16  Immortal (Chrono Boost)  
  74  6:24  Sentry x2  
  74  6:25  Stalker x2  
  81  6:31  Pylon  
  81  6:49  Stalker x5  
  81  6:54  Stalker  
  93  6:59  Stalker  
  86  7:16  Zealot x5  
  86  7:21  Zealot  
  89  7:26  Zealot  
  85  7:42  Stalker x6  
  95  7:55  Zealot  
  93  8:05  Zealot  
  85  8:06  Zealot x5  
Show
View Real Time Build Order
Export as new Build Order

Scarlett Zerg 

Build Orders: Hatch First 

Get SALT Encoding   

  12  0:00  Drone  
  13  0:10  Drone  
  14  0:16  Overlord  
  14  0:35  Drone  
  15  0:40  Drone  
  15  0:41  Drone  
  17  0:50  Hatchery  
  17  0:54  Drone  
  17  0:58  Drone  
  17  1:03  Extractor  
  17  1:12  Spawning Pool  
  17  1:16  Drone  
  17  1:19  Drone  
  18  1:28  Drone  
  19  1:39  Overlord  
  19  1:51  Drone  
  20  1:58  Queen  
  20  2:01  Zergling x2  
  23  2:02  Drone, Queen  
  23  2:07  Metabolic Boost  
  26  2:19  Zergling x2  
  27  2:29  Hatchery  
  26  2:49  Hatchery  
  25  2:53  Drone x2  
  25  2:56  Drone  
  28  3:01  Drone  
  28  3:03  Drone  
  30  3:09  Overlord  
  30  3:24  Overlord  
  30  3:27  Zergling x2  
  30  3:28  Zergling x6  
  34  3:36  Drone  
  34  3:39  Queen  
  37  3:44  Drone  
  37  3:45  Drone  
  37  3:47  Drone  
  40  3:50  Drone  
  41  3:56  Queen  
  41  4:01  Spore Crawler  
  42  4:03  Drone  
  42  4:07  Drone x2  
  45  4:12  Drone x2  
  45  4:17  Queen  
  47  4:22  Drone x3  
  52  4:25  Drone  
  53  4:32  Drone x4  
  53  4:33  Drone  
  58  4:40  Spore Crawler  
  58  4:42  Spore Crawler  
  58  4:44  Overlord  
  58  4:45  Overlord  
  56  4:46  Drone  
  56  4:48  Spore Crawler  
  56  4:50  Drone  
  55  4:53  Drone x2  
  55  4:56  Drone  
  58  5:02  Overlord x2  
  55  5:09  Zergling x12  
  57  5:15  Zergling x4  
  57  5:21  Lair, Drone x2  
  61  5:30  Roach Warren  
  61  5:32  Drone x3  
  59  5:39  Drone x3  
  59  5:42  Drone x2  
  62  5:45  Drone  
  63  5:53  Drone x4  
  66  5:59  Evolution Chamber  
  66  6:02  Unknown, Drone x5  
  68  6:08  Queen  
  70  6:18  Drone x7  
  77  6:22  Drone  
  77  6:24  Glial Reconstitution  
  77  6:26  Roach x2  
  77  6:28  Overseer  
  77  6:30  Roach x2  
  85  6:33  Overlord, Extractor  
  85  6:35  Extractor  
  85  6:36  Drone x2  
  85  6:37  Drone  
  86  6:44  Overlord x3  
  86  6:46  Overlord  
  86  6:49  Ravager x3  
  86  6:53  Overlord  
  88  6:54  Zergling x2  
  88  6:55  Zergling x8  
  88  7:00  Extractor, Roach, Zergling x4  
  96  7:01  Overlord  
  96  7:04  Overlord  
  88  7:16  Roach x7  
  88  7:19  Roach  
  88  7:21  Roach  
  96  7:23  Queen  
  96  7:27  Roach x2  
  92  7:30  Roach x2  
  92  7:34  Ravager  
  92  7:35  Roach x2  
  97  7:42  Roach x3  
  100  7:45  Roach  
  100  7:48  Ravager  

Tags
 
Add a new tag
Caveats
  • Supply blocks, unpowered buildings, or Contaminate may cause inaccurate times.
  • Supply counts are checked every 10 seconds.